 Dungeon Crawl Stone Soup version 0.30.0-29-ga12c61a403 (webtiles) character file.

Game seed: 10367705128367085951

175 Sabo the Trooper (level 5, 0/33 HPs)
             Began as a Gargoyle Monk on June 13, 2023.
             Slain by a wyvern zombie (8 damage)
             ... on level 3 of the Dungeon on June 14, 2023.
             The game lasted 00:15:20 (2950 turns).

Sabo the Trooper (Gargoyle Monk)                    Turns: 2950, Time: 00:15:20

Health: 0/33       AC: 11    Str: 16    XL:     5   Next: 55%
Magic:  14/14      EV: 17    Int: 11    God:
Gold:   139        SH:  0    Dex: 12    Spells: 4/4 levels left

rFire   . . .        e - +2 falchion (heavy)
rCold   . . .        d - orb {light}
rNeg    + . .        o - +0 leather armour
rPois   ∞            p - +0 helmet
rElec   +            q - +2 cloak
rCorr   .            (no gloves)
SInv    .            (no boots)
Will    .....        (no amulet)
Stlth   +            g - ring of magical power
HPRegen 0.25/turn    j - +5 ring of evasion
MPRegen 0.14/turn

%: no passive effects
@: glowing
A: sickness immunity, AC +4, negative energy resistance 1, electricity
resistance, torment resistance 1, petrification resistance
a: no special abilities


You were on level 3 of the Dungeon.
You visited 1 branch of the dungeon, and saw 3 of its levels.

You collected 139 gold pieces.

Inventory:

Hand Weapons
 a - a +0 hand axe
 e - a +2 heavy falchion (weapon)
 n - a +1 sling of flaming
Armour
 d - an orb of light (worn)
 o - a +0 leather armour (worn)
 p - a +0 helmet (worn)
 q - a +2 cloak (worn)
 v - a +2 buckler
Jewellery
 g - a ring of magical power (left hand)
 i - a ring of willpower
 j - a +5 ring of evasion (right hand)
Scrolls
 b - a scroll of teleportation
 f - a scroll of brand weapon
 h - a scroll of poison
 l - a scroll of amnesia
 m - a scroll of magic mapping
Potions
 c - a potion of ambrosia
 r - a potion of curing {unknown}
 s - a potion of invisibility {unknown}
 t - a potion of magic {unknown}
 u - a potion of degeneration {unknown}


   Skills:
 + Level 3.9 Fighting
 + Level 2.5 Long Blades
 + Level 3.1 Axes
 + Level 1.9 Armour
 + Level 3.2 Dodging
 + Level 0.2 Stealth


You had 4 spell levels left.
You didn't know any spells.
Your spell library contained the following spells:

 Spells                   Type           Power      Damage    Failure   Level
 Magic Dart               Conj           0%         1d3       41%         1
 Call Imp                 Summ           0%         N/A       54%         2
 Lesser Beckoning         Tloc           0%         N/A       54%         2
 Gell's Gravitas          Tloc           0%         N/A       78%         3
 Inner Flame              Hex/Fire       0%         N/A       78%         3
 Mephitic Cloud           Conj/Pois/Air  0%         N/A       78%         3
 Teleport Other           Tloc           0%         N/A       78%         3
 Flame Wave               Conj/Fire      0%         2d4       99%         4
 Sticky Flame             Conj/Fire      0%         2d3       99%         4


Dungeon Overview and Level Annotations

Branches:
Dungeon (3/15)

Altars:
Ru

Shops:
D:1 [

Annotations:
D:3 suzumiya's ghost, amateur GrFi


Innate Abilities, Weirdness & Mutations

You are immune to sickness and miasma.
Your stone body is resilient. (AC +4)
You are immune to poison.
You resist negative energy. (rN+)
You are resistant to electric shocks. (rElec)
You are resistant to unholy torment.
You are immune to petrification.


Message History

Suzumiya's ghost hits you but does no damage.
The howler monkey zombie closely misses you.
The wyvern zombie barely misses you.
The howler monkey zombie completely misses you.
Suzumiya's ghost barely misses you.
You hit the howler monkey zombie.
The howler monkey zombie is moderately damaged.
The wyvern zombie misses you. Suzumiya's ghost misses you.
The wyvern zombie barely misses you.
The howler monkey zombie barely misses you.
You slash the howler monkey zombie!
The howler monkey zombie is severely damaged.
The wyvern zombie misses you. Suzumiya's ghost misses you.
The howler monkey zombie misses you.
The wyvern zombie completely misses you.
The howler monkey zombie closely misses you.
Suzumiya's ghost hits you! The wyvern zombie bites you!
You hit suzumiya's ghost but do no damage.
The howler monkey zombie closely misses you.
Suzumiya's ghost hits you but does no damage.
The wyvern zombie bites you.
The howler monkey zombie hits you but does no damage.
The wyvern zombie bites you but does no damage.
Suzumiya's ghost hits you.
Unknown command.
Unknown command.
Unknown command.
Unknown command.
You hit suzumiya's ghost but do no damage.
The wyvern zombie completely misses you.
Suzumiya's ghost misses you.
The howler monkey zombie barely misses you.
The wyvern zombie misses you.
The howler monkey zombie hits you but does no damage.
Suzumiya's ghost hits you.
* * * LOW HITPOINT WARNING * * *
You hit suzumiya's ghost.
Suzumiya's ghost is lightly damaged.
The wyvern zombie bites you!
You die...

........# #.......# #.....###
#####...#######.#####.#
#.....### #..##........### #§#
#.....#..
#>..+........^§###'#########..
#.###.########○☼°§.☼○..# #..
#.# .#○#§#○#§§○☼°§☼°..# #..
#.# .#§☼§°○#☼○§☼☼§°§..+ #..
#.###.##§☼§☼W°°☼☼§§○§..# #..
#.....#°☼§§ZZ@○.○§°○...# #..
#.....##☼○☼○Z§°.○°○☼°..# #..
#.....#§°°☼°#☼§°○§☼○°..# #..
#....##°#§#§#☼○○☼§°°☼..# #..
#.....#######°°.○§○☼☼..# #..
##.......###○☼§°○☼§○§.(# #..
#...###..##.○○°°☼§☼§..##+####
#...# ##..'§§°☼○○§...........
#...# ####..................


You could see suzumiya's ghost, a wyvern zombie, a centaur zombie and a howler
monkey zombie.

Vanquished Creatures
  An orc priest (D:3)
  An orc wizard (D:3)
  4 gnolls (D:2)
  2 adders (D:2)
  A worm (D:2)
  A dart slug (D:2)
  An orc (D:3)
  6 endoplasms
  3 giant cockroaches
  3 goblins
  7 hobgoblins
  4 jackals
  3 quokkas (D:1)
  5 ball pythons
  7 bats
  4 frilled lizards
  2 kobolds
55 creatures vanquished.

Notes
Turn   | Place    | Note
-------+----------+-------------------------------------------
     0 | D:1      | Sabo the Gargoyle Monk began the quest for the Orb.
     0 | D:1      | Reached XP level 1. HP: 14/14 MP: 1/1
   352 | D:1      | Reached XP level 2. HP: 10/19 MP: 2/2
   757 | D:1      | Found Duuxy's Armour Shoppe.
  1027 | D:1      | Reached XP level 3. HP: 23/24 MP: 3/3
  1514 | D:2      | Reached skill level 1 in Long Blades
  1520 | D:2      | Reached XP level 4. HP: 13/29 MP: 4/4
  1757 | D:2      | Reached skill level 1 in Armour
  2228 | D:3      | Found a runed translucent gate.
  2229 | D:3      | Found a runed translucent gate.
  2230 | D:3      | Found a runed translucent gate.
  2457 | D:3      | Found a sacrificial altar of Ru.
  2491 | D:3      | Reached XP level 5. HP: 17/33 MP: 5/5
  2934 | D:3      | Noticed suzumiya's ghost (amateur GrFi)
  2950 | D:3      | Slain by a wyvern zombie

Illustrated notes

Levels and vault maps discovered:
D:1:      dpeg_arrival_concentric_ovals, layout_basic, serial_shops, shop
D:2:      minmay_spotlight, layout_rooms
D:3:      layout_basic, mainiacjoe_overflow_paths,
          mainiacjoe_overflow_surrounded_room, gammafunk_ghost_necromancy,
          minivault_19

Skill      XL: |  1  2  3  4 |
---------------+-------------+-----
Axes           | 3 |  3.1
Long Blades    | 1 2 |  2.5
Armour         | 1 |  1.9
Dodging        | 3 |  3.2
Fighting       | |  3.9
Stealth        | |  0.2

Action                     |  1- 3 |  4- 6 || total
---------------------------+-------+-------++-------
  Melee: Falchion          |    50 |    66 ||   116
    Use: Scroll            |     1 |     6 ||     7
         Potion            |       |     1 ||     1
 Armour: Robe              |    13 |       ||    13
         Leather armour    |     1 |    30 ||    31
  Dodge: Dodged            |    61 |    93 ||   154
